 Dungeon Crawl Stone Soup version 0.22.1-2-g9c5b331 (webtiles) character file.

994 Miyamura the Skirmisher (level 7, -2/56 HPs)
             Began as a Demonspawn Wanderer on Dec 13, 2018.
             Slain by an ice beast (4 damage)
             ... on level 6 of the Dungeon.
             The game lasted 00:09:53 (7396 turns).

Miyamura the Skirmisher (Demonspawn Wanderer)       Turns: 7396, Time: 00:09:54

Health: -2/56      AC: 12    Str: 12    XL:     7   Next: 99%
Magic:  8/8        EV: 12    Int: 16    God:
Gold:   241        SH:  0    Dex: 12    Spells: 6/6 levels left

rFire    . . .     SeeInvis .     - Unarmed
rCold    . . .     Gourm    .   (no shield)
rNeg     . . .     Faith    .   p - +0 ring mail
rPois    .         Spirit   .   n - +0 helmet
rElec    .         Reflect  .   (no cloak)
rCorr    .         Harm     .   u - +0 pair of gloves
MR       .....                  (no boots)
Stlth    ++........             (no amulet)
HPRegen  0.18/turn              (no ring)
MPRegen  0.11/turn              (no ring)

@: no status effects
A: iridescent scales 2, powered by death 1, powered by pain 1
a: no special abilities


You were on level 6 of the Dungeon.
You were not hungry.

You visited 1 branch of the dungeon, and saw 6 of its levels.

You collected 241 gold pieces.

Inventory:

Missiles
 c - 17 sling bullets
 e - 112 bolts
 f - 45 arrows
 i - 161 stones (quivered)
 j - 23 poisoned needles
 t - 6 needles of confusion
Armour
 n - a +0 helmet (worn)
 p - a +0 ring mail (worn)
 u - a +0 pair of gloves (worn)
Wands
 o - a wand of acid (9)
Scrolls
 b - 3 scrolls of fear
 d - 2 scrolls of teleportation
 h - a scroll of blinking
 k - a scroll of identify
 l - a scroll of brand weapon {unknown}
 q - a scroll of fog
 s - 2 scrolls of remove curse
Potions
 a - a potion of haste
Comestibles
 g - 7 rations
 m - 4 chunks of flesh


   Skills:
 + Level 5.1 Fighting
 + Level 3.4 Armour
 + Level 3.7 Dodging
 - Level 4.0 Stealth
 + Level 4.6 Unarmed Combat
 + Level 2.0 Evocations


You had 6 spell levels left.
You didn't know any spells.
Your spell library contained the following spells:

 Spells                   Type           Power        Failure   Level  Hunger
 Magic Dart               Conj           #...         47%         1    ##.....
 Blink                    Tloc           N/A          63%         2    ###....
 Call Imp                 Summ           #.......     63%         2    ###....
 Slow                     Hex            #.......     63%         2    ###....
 Conjure Flame            Conj/Fire      #.......     85%         3    ####...
 Mephitic Cloud           Conj/Pois/Air  #.......     85%         3    ####...


Dungeon Overview and Level Annotations

Branches:
Dungeon (6/15)
 Temple: D:4-7

Altars:
Cheibriados
Hepliaklqana
Vehumet
Xom

Annotations:
D:4 exclusion: downstairs


Innate Abilities, Weirdness & Mutations

You are mostly covered in iridescent scales. (AC +4)
You regenerate a little health from kills.
You sometimes gain a little power by taking damage.


Message History

The ice beast hits you but does no damage.
Your ring mail prevents you from hitting the ice beast.
The ice beast is almost dead.
The ice beast hits you but does no damage.
You hit the ice beast but do no damage.
The ice beast is severely wounded.
The ice beast hits you. The ice beast freezes you!
You barely miss the ice beast.
The ice beast is severely wounded.
The ice beast hits you. The ice beast freezes you!
You barely miss the ice beast.
The ice beast is severely wounded.
The ice beast misses you.
You closely miss the ice beast.
The ice beast is severely wounded.
The ice beast hits you but does no damage.
You closely miss the ice beast.
The ice beast is severely wounded.
The ice beast hits you.
You die...

#...#.###..#......#
..... ##.).####.. ##
.##..## #...# ##..<
....... ##..# #.#
.###...####..######.##
#....##........)..#
#..#....#..##..###...#
#........## #.....#.#
##.####..####..@Y...#
# #........###.....#
#.(..####...# ....#
##... ##...# .#.# #.##
..#.^.. # . #..
...####.# ... ....# ..
... #..... . #.###.


You could see an ice beast.

Vanquished Creatures
  Sigmund (D:3)
  Eustachio (D:4)
  A sky beast (D:4)
  An ice beast (D:5)
  A phantom (D:4)
  A bullfrog (D:2)
  A scorpion (D:2)
  A howler monkey (D:5)
  A centaur zombie (D:5)
  2 worker ants
  11 adders
  An adder skeleton (D:5)
  2 worms (D:2)
  4 dart slugs
  4 leopard geckos
  2 orcs
  A ball python (D:3)
  6 bats
  6 giant cockroaches
  7 goblins
  8 hobgoblins
  5 jackals
  A quokka (D:2)
  5 frilled lizards
  A giant cockroach zombie (D:5)
  7 kobolds
  A leopard gecko skeleton (D:5)
  A quokka skeleton (D:4)
  A quokka zombie (D:6)
  9 rats
94 creatures vanquished.

Notes
Turn   | Place    | Note
-------+----------+-------------------------------------------
     0 | D:1      | Miyamura the Demonspawn Wanderer began the quest for the
                  | Orb.
     0 | D:1      | Miyamura set off with: a potion of haste, a scroll of fear,
                  | a potion of lignification, a scroll of teleportation, a +0
                  | robe, a +0 dagger, a ration
     0 | D:1      | Reached XP level 1. HP: 18/18 MP: 2/2
   193 | D:1      | Gained mutation: You sometimes gain a little power by
                  | taking damage. [demonic ancestry]
   193 | D:1      | Reached XP level 2. HP: 21/24 MP: 3/3
  1268 | D:2      | Reached skill level 1 in Armour
  1268 | D:2      | Gained mutation: You are partially covered in iridescent
                  | scales. (AC +2) [demonic ancestry]
  1268 | D:2      | Reached XP level 3. HP: 10/29 MP: 4/4
  2039 | D:2      | Noticed a scorpion
  2051 | D:2      | Killed a scorpion
  2051 | D:2      | Gained mutation: You are mostly covered in iridescent
                  | scales. (AC +4) [demonic ancestry]
  2051 | D:2      | Reached XP level 4. HP: 35/35 MP: 5/5
  2848 | D:2      | Noticed a bullfrog
  2857 | D:2      | Killed a bullfrog
  2857 | D:2      | Reached XP level 5. HP: 42/42 MP: 6/6
  3825 | D:3      | Reached skill level 4 in Fighting
  3989 | D:3      | Noticed Sigmund
  4165 | D:2      | Gained mutation: You regenerate a little health from kills.
                  | [demonic ancestry]
  4165 | D:2      | Reached XP level 6. HP: 43/48 MP: 7/7
  4407 | D:3      | Killed Sigmund
  4595 | D:4      | Found a shimmering altar of Xom.
  4597 | D:4      | Found a snail-covered altar of Cheibriados.
  4627 | D:4      | Noticed Eustachio
  4720 | D:4      | Found a hazy altar of Hepliaklqana.
  5496 | D:4      | Reached XP level 7. HP: 37/55 MP: 8/8
  5878 | D:4      | Killed Eustachio
  5978 | D:5      | Entered Level 5 of the Dungeon
  6778 | D:5      | Reached skill level 5 in Fighting
  7047 | D:5      | Found a radiant altar of Vehumet.
  7393 | D:6      | HP: 2/56 [ice beast (9)]
  7396 | D:6      | Slain by an ice beast

Skill      XL: |  1  2  3  4  5  6  7 |
---------------+----------------------+-----
Armour         | 1 2 3 |  3.4
Unarmed Combat | 3 4 |  4.6
Stealth        | 2 3 4 |  4.0
Dodging        | 2 3 |  3.7
Fighting       | 4 5 |  5.1
Evocations     | |  2.0

Action                   |  1- 3 |  4- 6 |  7- 9 || total
-------------------------+-------+-------+-------++-------
Melee: Unarmed           |   181 |   334 |   220 ||   735
       Punch             |     4 |     4 |     1 ||     9
  Use: Potion            |     1 |     4 |     2 ||     7
       Scroll            |       |     7 |     2 ||     9
 Stab: Sleeping          |     2 |     1 |     1 ||     4
  Eat: Chunk             |     4 |    11 |       ||    15
       Ration            |       |       |     2 ||     2
Armor: Robe              |    15 |       |       ||    15
       Ring mail         |    52 |   143 |   116 ||   311
       Skin              |     1 |       |       ||     1
Dodge: Dodged            |   107 |   156 |   102 ||   365
